cohdb
Replays
Latest Replays
All Replays
Popular Replays
Top Player Replays
Match Explorer
How It Works
Community
CoH3 Stats
Reddit
Sign in to upload your games and track your stats! →
Sign in with Steam
Match 42304099
Unlisted
Match 42304099
Overview
Messages
Build Orders
End
Royal Engineer Section
Selects Canadian Shock Battlegroup
Construct Section Command Post
Infantry Section
Infantry Section
Infantry Section
Selects Attacking Spirit
Selects Canadian Shock Section
Vickers Machine Gun Team
Construct Platoon Command Post
Selects Incendiary Munitions
6-pounder Anti-tank Gun Team
Humber Armored Car
BIOHAZARD
SmurfWolf
0
0
Comments
sign in to comment!
No comments posted yet!